AoeStats
← Joeuf le neuf

Arabia

504283101Analyzed
1v1 RM · 28d ago on Sep 4, 2026· 44m 24s· 2 players
Game mode
Random Map
Map size
Tiny (2 player)
Population
200
Speed
Normal
Resources
Standard
Victory
Conquest
Starting age
Dark Age
Ending age
Imperial Age
RankedLock teamsTeams togetherTeam positionsShared explorationLock speedFull tech treeHidden civsTurbo modeCheats
Victory
Defeat
🇫🇷 Tupi · France
1038
+15
🇪🇸 Hindustanis · Spain
1018
-15
marce
2:25 Loom
8:50 Feudal Age
9:59 Double-Bit Axe
13:38 Town Watch
14:32 Wheelbarrow
19:11 Castle Age
17:14 Horse Collar
17:54 Stone Mining
20:18 Hand Cart
20:43 Stone Shaft Mining
20:21 Bow Saw
20:20 Heavy Plow
21:07 Gold Mining
23:11 Squires
22:57 Arson
26:26 Grand Trunk Road
36:15 Scale Mail Armor
42:00 Imperial Age
43:08 Conscription
43:49 Chain Mail Armor
43:44 Forging
Joeuf le neuf
6:54 Loom
9:04 Feudal Age
10:34 Feudal Age
12:44 Double-Bit Axe
18:43 Castle Age
16:50 Arson
17:10 Scale Mail Armor
17:30 Gold Mining
18:28 Forging
18:03 Horse Collar
19:42 Squires
21:26 Bow Saw
21:35 Chain Mail Armor
25:39 Wheelbarrow
25:59 Heavy Plow
25:49 Stone Mining
29:56 Iron Casting
31:53 Hand Cart
31:23 Town Watch
37:36 Gold Shaft Mining
37:34 Town Patrol
40:57 Imperial Age
41:46 Elite Ibirapema Warrior
41:58 Capped Ram
43:00 Conscription
43:32 Plate Mail Armor
Connection lost

Rejoining the realm…

Still unreachable

The connection could not be restored.

Session expired

The server has moved on; the page needs a fresh start.